 Seeded DCSS version 0.29-a0-360-g8ed1089bbe (webtiles) character file.

Game seed: 10287279515883925899 (custom seed)

2 klau3 the Slasher (level 1, 20/20 HPs)
             Began as a Minotaur Berserker on Apr 28, 2022.
             Was a Follower of Trog.
             Quit the game on level 1 of the Dungeon.
             The game lasted 00:00:28 (110 turns).

klau3 the Slasher (Minotaur Berserker)               Turns: 110, Time: 00:00:28

Health: 20/20      AC:  5    Str: 21    XL:     1   Next: 25%
Magic:  0/0        EV: 11    Int:  4    God:    Trog [*.....]
Gold:   27         SH:  0    Dex:  9    Spells: 0/0 levels left

rFire   . . .      SeeInvis .   a - +0 falchion
rCold   . . .      Faith    .   (no shield)
rNeg    . . .      Spirit   .   c - +0 ring mail
rPois   .          Reflect  .   (helmet restricted)
rElec   .          Harm     .   (no cloak)
rCorr   .          Rampage  .   (no gloves)
Will    .....                   (no boots)
Stlth   ..........              (no amulet)
HPRegen 0.06/turn               (no ring)
MPRegen 0.07/turn               (no ring)

@: no status effects
A: horns 2, retaliatory headbutt
a: Renounce Religion, Berserk


You were on level 1 of the Dungeon.
You worshipped Trog.
Trog was aware of your devotion.
You visited 1 branch of the dungeon, and saw 1 of its levels.

You collected 27 gold pieces.

Inventory:

Hand Weapons
 a - a +0 falchion (weapon)
Armour
 b - a +0 animal skin
 c - a +0 ring mail (worn)
Potions
 d - a potion of brilliance {unknown}


   Skills:
 + Level 3.7 Fighting
 + Level 3.7 Long Blades
 + Level 2.4 Armour
 + Level 2.2 Dodging


You couldn't memorise any spells.
You didn't know any spells.
Your spell library was empty.

Dungeon Overview and Level Annotations

Branches:
Dungeon (1/15)

Altars:


Innate Abilities, Weirdness & Mutations

You have a pair of horns on your head.
You reflexively headbutt those who attack you in melee.


Message History

You start putting on your armour.
You continue putting on your +0 ring mail. x5
You finish putting on your +0 ring mail.
You open the door.
There is an open door here.
A ball python comes into view.
Found a stone staircase leading down.
The ball python attacks as you move away!
The ball python bites you but does no damage.
The ball python barely misses you.
The ball python attacks as you move away!
The ball python barely misses you. The ball python closely misses you.
You barely miss the ball python. Your punch misses the ball python.
The ball python closely misses you. You furiously retaliate!
You headbutt the ball python!
You kill the ball python!
Trog accepts your kill.
You see here a ball python corpse.
Found a stone staircase leading down.
A kobold comes into view. It is wielding a +0 club.
Found 10 gold pieces.
The kobold barely misses you.
Found a yellow potion.
You hit the kobold.
The kobold is moderately wounded.
The kobold barely misses you.
You hit the kobold.
The kobold is moderately wounded.
The kobold closely misses you.
You hit the kobold.
You kill the kobold!
Trog accepts your kill.
Things that are here:
a +0 club; a kobold corpse
d - a yellow potion
Things that are here:
a +0 club; a kobold corpse You now have 27 gold pieces (gained 10).
Unknown command.
Are you sure you want to abandon this character and quit the game? (Confirm with "yes".)

....##......†..>...#
.#.....########.###
..>.###.# .#.####.#
........#######
.#.####........ #.
#.#######
#.####.#####
#.@........#
######)###.# #.# #.#
#.# #.# #.# #.#
.######.#


There were no monsters in sight!

Vanquished Creatures
  A ball python (D:1)
  A kobold (D:1)
2 creatures vanquished.

Notes
Turn   | Place    | Note
-------+----------+-------------------------------------------
     0 | D:1      | klau3 the Minotaur Berserker began the quest for the Orb.
     0 | D:1      | Reached XP level 1. HP: 19/19 MP: 0/0
   110 | D:1      | Quit the game

Illustrated notes

Levels and vault maps discovered:
D:1:      dpeg_arrival_triangle_fractal, layout_loops_ring,
          basic_ecumenical_altar, minmay_surrounded

Action                   || total
-------------------------++-------
Melee: Falchion          ||     4
Armor: Ring mail         ||     1
Dodge: Dodged            ||     7

Table legend: (Time is in decaauts)
 A = Elapsed time spent in this place.
 B = Non-inter-level travel time spent in this place.
 C = Inter-level travel time spent in this place.
 D = Time resting spent in this place.
 E = Time spent auto-exploring this place.
 F = Levels seen in this place.
 G = Mean time per level.
                   A        B        C        D        E       F      G
               +--------+--------+--------+--------+--------+-----+--------+
         Total |    110 |    110 |      0 |      0 |      0 |   1 |  110.0 |
       Dungeon |    110 |    110 |      0 |      0 |      0 |   1 |  110.0 |
               +--------+--------+--------+--------+--------+-----+--------+

Top non-repeatable levels by time:
     D:1: 110 daAuts
